Map: Heavy Artillery LE

Players

Antagonist

  • Race: Protoss Protoss
  • League: Platinum
  • Spawn Location: 7:00

Witkacy

  • Race: Terran Terran
  • Spawn Location: 7:00

Massa - Winner!

  • Race: Terran Terran
  • League: Platinum
  • Spawn Location: 1:00

qqq - Winner!

  • Race: Protoss Protoss
  • League: Platinum
  • Spawn Location: 3:00

VOD

Have the link to the VOD?

Description

Time

  • Played on: Dec. 5, 2020, 8:09 a.m.
  • Length: 18:21
Show
View Real Time Build Order
Export as new Build Order

Antagonist Protoss 

Build Orders: Oracle Opening, Carriers 

Get SALT Encoding   

  12  0:00  Probe  
  13  0:12  Probe  
  14  0:17  Pylon  
  14  0:24  Probe  
  15  0:35  Gateway  
  15  0:39  Probe  
  16  0:51  Probe (Chrono Boost)  
  16  0:54  Assimilator  
  17  1:02  Probe (Chrono Boost)  
  18  1:07  Probe (Chrono Boost)  
  19  1:31  Probe  
  20  1:34  Pylon  
  20  1:38  Cybernetics Core  
  20  1:42  Assimilator  
  20  1:43  Probe  
  21  1:55  Probe  
  22  2:07  Probe  
  23  2:17  Nexus  
  23  2:19  Stalker  
  24  2:24  Warp Gate  
  24  2:45  Gateway  
  24  2:46  Probe, Pylon  
  24  2:50  Stalker  
  27  2:58  Probe  
  28  3:09  Stargate  
  28  3:13  Probe  
  29  3:25  Probe  
  30  3:30  Stalker  
  30  3:33  Stalker  
  34  3:38  Probe  
  34  3:39  Probe  
  36  3:50  Oracle (Chrono Boost)  
  36  3:53  Pylon  
  39  3:58  Pylon  
  39  4:08  Probe x2  
  41  4:16  Assimilator  
  41  4:20  Twilight Council, Assimilator  
  41  4:25  Pylon  
  41  4:29  Stalker  
  41  4:30  Stalker  
  45  4:43  Probe x2, Robotics Facility  
  47  4:55  Probe  
  45  5:08  Stalker x2  
  49  5:25  Pylon  
  49  5:27  Blink (Chrono Boost)  
  49  5:29  Pylon  
  49  5:32  Pylon  
  49  5:36  Forge  
  49  5:37  Probe x2  
  49  5:38  Forge  
  51  5:49  Probe  
  52  5:56  Gateway  
  52  5:58  Gateway  
  52  6:07  Probe x2  
  54  6:15  Photon Cannon  
  54  6:17  Photon Cannon  
  54  6:19  Probe  
  54  6:21  Photon Cannon  
  54  6:24  Photon Cannon  
  55  6:28  Photon Cannon  
  55  6:39  Photon Cannon  
  55  6:40  Photon Cannon  
  55  6:44  Photon Cannon  
  55  6:48  Stalker  
  55  6:49  Stalker  
  59  7:11  Nexus  
  59  7:12  Observer, Pylon  
  60  7:26  Protoss Ground Weapons Level 1 (Chrono Boost)  
  60  7:27  Protoss Ground Armor Level 1 (Chrono Boost)  
  60  7:28  Probe x2  
  62  7:40  Probe x2  
  56  7:52  Probe  
  56  7:55  Stalker x4  
  65  8:22  Stalker x2  
  65  8:23  Stalker x2  
  73  8:28  Immortal  
  77  8:43  Probe x3, Fleet Beacon  
  80  8:50  Assimilator  
  80  8:54  Assimilator  
  80  8:58  Pylon  
  80  9:16  Probe x3  
  83  9:29  Stargate  
  83  9:30  Stargate  
  83  9:33  Pylon  
  83  9:39  Pylon  
  83  9:41  Pylon  
  83  9:42  Protoss Air Weapons Level 1  
  83  9:44  Pylon  
  83  9:50  Probe x3  
  86  9:54  Photon Cannon  
  86  9:56  Photon Cannon, Carrier (Chrono Boost)  
  86  9:59  Photon Cannon  
  92  10:20  Carrier (Chrono Boost)  
  92  10:21  Carrier (Chrono Boost)  
  104  10:33  Protoss Shields Level 1  
  104  10:53  Carrier  
  110  11:03  Dark Shrine  
  110  11:22  Carrier  
  110  11:24  Carrier  
  122  11:28  Nexus  
  122  11:31  Pylon  
  122  11:33  Pylon  
  122  11:36  Assimilator  
  122  11:39  Gateway x2, Assimilator  
  122  11:48  Gateway  
  122  11:51  Gateway  
  122  12:00  Tempest, Cybernetics Core  
  127  12:05  Protoss Air Weapons Level 2 (Chrono Boost)  
  127  12:17  Probe x3  
  130  12:26  Tempest  
  130  12:28  Tempest  
  130  12:29  Probe x3  
  144  12:30  Observer  
  144  12:45  Shield Battery  
  144  12:48  Shield Battery  
  145  12:51  Observer  
  145  12:57  Tempest  
  151  13:13  Observer  
  151  13:14  Carrier  
  151  13:15  Carrier  
  163  13:27  Protoss Air Armor Level 1 (Chrono Boost)  
  163  13:31  Shield Battery  
  163  13:34  Shield Battery  
  163  14:08  Carrier  
  161  14:19  Carrier x2  
  161  14:23  Protoss Shields Level 2  
  173  14:58  Nexus  
  173  15:03  Pylon  
  173  15:05  Pylon  
  173  15:07  Pylon  
  173  15:12  Pylon  
  173  15:14  Pylon  
  173  15:18  Pylon  
  173  15:22  Protoss Air Weapons Level 3 (Chrono Boost)  
  173  15:25  Carrier  
  173  15:26  Carrier  
  185  15:30  Carrier  
  185  15:33  Pylon  
  185  15:35  Pylon  
  191  15:36  Pylon  
  191  15:38  Pylon  
  191  16:14  Mothership  
  199  16:30  Shadow Stride  
  199  17:16  Unknown  
Show
View Real Time Build Order
Export as new Build Order

Witkacy Terran 

Build Orders:  

Get SALT Encoding   

  12  0:00  SCV  
  13  0:13  SCV  
  14  0:17  Supply Depot  
  14  0:25  Refinery  
  14  0:28  SCV  
  15  0:41  Barracks  
  15  0:45  SCV  
  16  0:59  Barracks  
  16  1:43  Refinery, Reaper  
  17  1:49  Orbital Command  
  17  2:01  Reaper  
  18  2:17  Barracks  
  18  2:18  Reaper  
  19  2:24  SCV  
  20  2:34  Reaper  
  21  2:40  Engineering Bay  
  21  2:42  SCV  
  22  2:51  Supply Depot  
  22  2:54  Reaper  
  23  3:12  Reaper x2  
  25  3:14  Supply Depot  
  25  3:16  SCV  
  26  3:23  Terran Infantry Weapons Level 1  
  26  3:29  SCV  
  27  3:34  Engineering Bay  
  26  3:42  Reaper  
  26  3:46  Reaper  
  26  3:48  Reaper  
  29  4:00  Barracks  
  29  4:04  Terran Infantry Armor Level 1  
  29  4:23  Reaper  
  29  4:24  Reaper  
  29  4:47  Reaper x2  
  26  4:55  Reaper  
  26  4:59  Reaper  
  28  5:16  Missile Turret  
  28  5:19  Reaper, Missile Turret  
  29  5:37  Reaper, Barracks Tech Lab  
  29  5:40  Reaper  
  29  6:19  Factory  
  29  6:28  Command Center  
  29  6:33  Missile Turret  
  29  6:34  Missile Turret  
  29  6:36  Missile Turret  
  19  6:47  Marine x4  
  23  6:57  SCV  
  24  7:04  Marine  
  24  7:08  Stimpack  
  25  7:09  SCV  
  25  7:10  Factory Reactor  
  26  7:16  Barracks Tech Lab  
  26  7:18  Marine x2  
  26  7:21  SCV  
  26  7:22  Marine  
  30  7:36  Marine x2  
  30  7:37  Marine  
  30  7:47  Marine  
  29  7:54  Marine x2  
  20  8:09  SCV x2  
  20  8:12  Reaper  
  23  8:16  Refinery  
  23  8:21  SCV x2  
  23  8:24  Barracks Tech Lab  
  23  8:26  Widow Mine  
  29  8:27  Widow Mine  
  29  8:32  Starport  
  29  8:33  SCV  
  30  8:36  Armory  
  30  8:41  Marine x2  
  32  8:48  Orbital Command  
  32  8:52  SCV  
  33  9:14  SCV x2  
  35  9:21  Starport Reactor  
  35  9:25  Marauder x3  
  35  9:26  SCV  
  38  9:52  Marauder, Marine x2  
  44  9:53  Marauder  
  44  9:54  Widow Mine x2  
  44  9:57  Concussive Shells  
  44  9:58  Combat Shield  
  46  10:10  Marine  
  46  10:12  Marine  
  46  10:13  Marine  
  44  10:21  Marine, Medivac x2  
  45  10:27  Marine  
  50  10:29  Marine  
  50  10:32  Marauder  
  53  11:11  Marine  
  54  11:18  Supply Depot  
  54  11:24  Widow Mine, Marauder x2, Medivac  
  54  11:25  Marine, Supply Depot  
  62  11:26  Widow Mine  
  62  11:28  Terran Infantry Weapons Level 2, Marine  
  65  11:44  Marauder  
  67  12:14  Marauder x2, Marine x2  
  53  12:18  Medivac x2  
  53  12:20  SCV x2  
  59  12:31  Marine  
  59  12:32  SCV, Marauder  
  59  12:35  Marine  
  59  12:36  Marauder  
  66  12:39  Supply Depot  
  66  12:41  Terran Infantry Armor Level 2  
  66  12:45  SCV x2  
  66  12:47  Refinery  
  66  12:49  Marine  
  69  12:53  Marauder, Marine  
  69  12:57  SCV, Marine  
  74  13:25  Marine x2  
  74  13:26  Marauder, Marine  
  79  13:36  Medivac x2  
  83  13:43  Marine x2  
  83  13:44  Marauder  
  83  13:47  Marauder  
  89  14:02  Marauder  
  74  14:27  Marauder, Marine x3  
  74  14:28  Medivac x2  
  73  14:44  Marine  
  73  14:45  Marauder x2  
  78  14:48  Marine  
  79  14:58  Medivac  
  79  14:59  Supply Depot  
  81  15:00  Terran Infantry Weapons Level 3, Supply Depot  
  81  15:02  Marine  
  81  15:06  Marauder x2, Marine  
  87  15:20  Marine  
  88  15:24  Marine  
  79  15:37  Marine x2  
  79  15:38  Marine  
  79  15:40  SCV  
  79  15:42  Marauder  
  75  15:55  Marauder, Marine  
  75  15:56  Marine  
  79  16:04  Marauder  
  81  16:21  Command Center  
  81  16:25  Refinery  
  81  16:26  Refinery  
  81  16:33  Marine x2  
  81  16:34  Marauder x2  
  87  16:43  SCV  
  87  16:44  SCV  
  89  16:55  SCV  
  89  16:56  SCV  
  91  17:08  SCV  
  80  17:13  Marine x2  
  80  17:14  Marauder, Marine, Medivac  
  68  17:31  Marine  
  68  17:32  Marauder x2  
  53  17:47  Marine  
  53  17:49  Marine  
  48  17:53  Marauder x2  
Show
View Real Time Build Order
Export as new Build Order

Massa Terran - Winner!

Build Orders: 2 Factory 

Get SALT Encoding   

  12  0:00  SCV  
  13  0:18  SCV  
  13  0:19  Supply Depot  
  14  0:30  SCV  
  15  0:41  Refinery  
  15  0:42  SCV  
  16  0:45  Barracks  
  16  0:54  SCV  
  17  1:08  SCV  
  18  1:20  SCV  
  19  1:32  SCV  
  20  1:41  Reaper  
  20  1:44  Command Center  
  21  1:47  Supply Depot  
  21  1:52  Orbital Command  
  21  2:13  Marine  
  22  2:16  Factory  
  22  2:25  SCV  
  23  2:32  Refinery  
  23  2:38  Barracks Reactor, SCV  
  24  2:51  Engineering Bay  
  24  2:54  SCV  
  24  2:56  Orbital Command  
  25  3:05  Factory  
  25  3:06  SCV  
  26  3:18  SCV  
  27  3:20  Hellion x2  
  31  3:30  Barracks Tech Lab, Missile Turret, SCV  
  31  3:32  SCV, Missile Turret  
  31  3:42  Hellion  
  31  3:43  SCV  
  31  3:44  SCV  
  35  3:55  SCV  
  36  3:56  SCV  
  36  4:02  Starport  
  37  4:05  Hellion  
  37  4:07  SCV  
  37  4:08  Siege Tank  
  37  4:09  SCV  
  44  4:17  Infernal Pre-Igniter  
  44  4:22  Refinery  
  36  4:50  Hellion  
  36  4:52  Siege Tank  
  41  5:04  Medivac  
  43  5:11  Factory Reactor  
  43  5:13  Marine  
  44  5:20  Command Center  
  44  5:23  Barracks  
  44  5:27  SCV x2, Barracks  
  46  5:39  Supply Depot  
  46  5:42  Supply Depot  
  46  5:44  Supply Depot  
  46  5:47  Supply Depot  
  46  5:50  Barracks Reactor  
  46  6:00  SCV x2, Siege Tank  
  51  6:11  Widow Mine x2  
  55  6:12  SCV  
  56  6:28  Sensor Tower  
  56  6:30  Missile Turret  
  57  6:32  SCV  
  57  6:33  SCV  
  57  6:37  Starport Reactor  
  57  6:38  Terran Infantry Weapons Level 1  
  58  6:45  SCV  
  59  7:04  Hellion x3  
  65  7:11  Barracks Tech Lab x2, Marine x2  
  67  7:16  SCV x3  
  67  7:19  Refinery  
  70  7:25  Hellion x2  
  70  7:26  Hellion  
  70  7:28  SCV x3  
  70  7:29  Marine x2  
  81  7:40  SCV x3  
  84  7:47  Marine  
  79  8:11  Marauder x2  
  79  8:12  Marine x2  
  83  8:16  Medivac x2  
  83  8:18  Siege Tank  
  90  8:20  Stimpack  
  90  8:21  Combat Shield  
  90  8:28  SCV x2  
  90  8:30  Marine  
  93  8:39  Supply Depot x2  
  93  8:41  Supply Depot  
  93  8:42  Supply Depot x2  
  93  8:48  Barracks  
  93  8:50  Barracks  
  93  8:53  Armory  
  93  8:56  Engineering Bay  
  93  9:01  SCV x2, Marauder x2  
  93  9:02  Medivac x2  
  101  9:05  Supply Depot  
  101  9:07  Supply Depot  
  103  9:13  SCV x2  
  103  9:16  Missile Turret  
  105  9:18  Sensor Tower  
  105  9:19  Planetary Fortress  
  105  9:23  Marauder x2, Missile Turret  
  109  9:25  SCV x2  
  109  9:27  Supply Depot  
  109  9:29  Terran Infantry Armor Level 1  
  111  9:36  Barracks Reactor, Barracks Tech Lab  
  111  9:37  SCV  
  112  9:40  Concussive Shells  
  112  9:44  Supply Depot  
  112  9:50  Supply Depot  
  112  9:59  Marauder x3  
  118  10:00  Marine x2  
  121  10:07  SCV x3, Missile Turret  
  121  10:09  Sensor Tower, Supply Depot  
  121  10:11  Refinery  
  121  10:13  Refinery, Supply Depot  
  123  10:17  Marine  
  123  10:19  SCV  
  123  10:20  Marauder  
  123  10:21  Marauder x2  
  131  10:25  Terran Infantry Weapons Level 2  
  131  10:27  Armory  
  131  10:32  Command Center  
  131  10:33  Medivac x2  
  131  10:34  Missile Turret  
  135  10:42  Marauder  
  137  10:54  Siege Tank  
  137  10:55  Widow Mine x2  
  144  11:03  Viking x2  
  148  11:13  Command Center  
  148  11:16  Widow Mine  
  150  11:19  Sensor Tower  
  150  11:21  Missile Turret  
  150  11:23  Terran Vehicle And Ship Armor Level 1, Terran Vehicle Weapons Level 1  
  150  11:26  Siege Tank  
  153  11:38  Refinery  
  153  11:44  Refinery  
  148  12:03  Terran Infantry Armor Level 2  
  148  12:04  Medivac  
  148  12:05  Medivac  
  152  12:18  Command Center  
  152  12:34  Viking  
  152  12:35  Viking  
  156  12:45  Siege Tank  
  156  12:46  Widow Mine x2  
  163  13:11  Orbital Command  
  163  13:12  Refinery  
  163  13:14  Planetary Fortress  
  163  13:17  Siege Tank  
  166  13:45  Planetary Fortress  
  166  13:47  SCV x2  
  166  13:48  SCV  
  169  13:59  SCV  
  169  14:00  SCV, Missile Turret  
  169  14:04  Terran Vehicle And Ship Armor Level 2, Terran Vehicle Weapons Level 2  
  169  14:05  Missile Turret  
  169  14:08  Terran Infantry Weapons Level 3  
  119  14:45  Medivac x2  
  119  14:47  Smart Servos  
  119  14:49  Siege Tank  
  119  14:51  Marauder x3, Marine  
  119  14:52  Marine x3  
  136  15:02  Barracks  
  136  15:03  Barracks  
  136  15:05  Barracks  
  136  15:07  Barracks  
  136  15:09  Marine x2  
  136  15:10  Marine x2  
  136  15:12  Marauder x3  
  136  15:13  Missile Turret  
  146  15:15  Viking, Medivac  
  146  15:21  Siege Tank  
  150  15:27  Marine  
  151  15:33  Marauder x2  
  151  15:34  Marauder, Missile Turret  
  157  15:45  Viking x2, Missile Turret x2  
  157  15:46  Missile Turret  
  157  15:48  Sensor Tower  
  161  15:50  SCV x2  
  161  15:51  SCV x2  
  161  15:55  Marauder  
  161  15:56  Missile Turret  
  167  16:02  Barracks Reactor x2, Barracks Tech Lab x2, SCV  
  167  16:03  SCV x2  
  170  16:06  Drilling Claws  
  170  16:10  Command Center  
  170  16:17  Missile Turret  
  170  16:27  Supply Depot  
  170  16:28  Supply Depot  
  170  16:31  Supply Depot  
  170  16:38  Missile Turret  
  170  16:45  Medivac x2  
  174  16:47  Ghost Academy  
  174  16:51  Supply Depot  
  174  16:53  Supply Depot  
  174  16:56  Supply Depot  
  174  17:15  Medivac x2  
  176  17:17  Supply Depot  
  175  17:34  Orbital Command  
  175  17:36  Marauder x4  
  175  17:37  Marauder  
  185  17:38  Marine x4  
  133  17:55  Marine  
  133  17:56  Marine x7  
  133  17:57  Marauder  
  133  17:58  Marauder x4  
Show
View Real Time Build Order
Export as new Build Order

qqq Protoss - Winner!

Build Orders: Forge Fast Expand (FFE), Carriers, Mass Phoenix 

Get SALT Encoding   

  12  0:00  Probe  
  13  0:18  Probe  
  14  0:25  Pylon  
  14  0:30  Probe  
  15  0:43  Probe, Forge  
  16  0:55  Probe  
  17  1:00  Pylon  
  17  1:20  Photon Cannon  
  15  1:37  Nexus  
  15  1:42  Gateway  
  15  1:43  Probe (Chrono Boost)  
  16  1:47  Assimilator  
  17  1:55  Probe (Chrono Boost)  
  17  2:00  Probe (Chrono Boost)  
  18  2:13  Pylon  
  18  2:14  Probe (Chrono Boost)  
  20  2:23  Probe (Chrono Boost)  
  20  2:28  Probe (Chrono Boost)  
  20  2:34  Cybernetics Core  
  21  2:39  Assimilator  
  21  2:40  Probe  
  22  2:49  Probe  
  23  2:51  Pylon  
  23  2:52  Probe  
  23  2:57  Pylon  
  24  3:01  Probe  
  24  3:04  Probe  
  26  3:13  Probe  
  26  3:15  Stargate  
  26  3:16  Probe  
  28  3:25  Probe  
  29  3:28  Probe  
  30  3:37  Probe, Stargate  
  31  3:47  Photon Cannon  
  31  3:49  Probe  
  31  3:50  Probe  
  31  3:55  Photon Cannon  
  33  4:01  Probe  
  33  4:02  Pylon  
  34  4:04  Phoenix (Chrono Boost)  
  36  4:10  Probe  
  36  4:12  Assimilator  
  36  4:13  Probe  
  36  4:15  Assimilator  
  38  4:21  Phoenix (Chrono Boost)  
  40  4:25  Probe  
  41  4:33  Phoenix  
  41  4:37  Probe  
  45  4:38  Probe  
  45  4:49  Probe  
  45  4:50  Probe  
  47  4:54  Phoenix  
  47  4:58  Phoenix  
  51  5:02  Probe x2  
  53  5:14  Probe  
  54  5:19  Phoenix  
  56  5:23  Phoenix  
  58  5:34  Nexus  
  58  5:36  Protoss Air Weapons Level 1  
  58  5:43  Phoenix  
  60  6:08  Phoenix  
  62  6:12  Fleet Beacon  
  62  6:18  Pylon  
  62  6:19  Robotics Facility, Forge  
  62  6:24  Phoenix  
  64  6:33  Phoenix  
  66  7:02  Protoss Shields Level 1  
  66  7:04  Nexus  
  66  7:06  Pylon  
  66  7:09  Probe (Chrono Boost), Pylon  
  66  7:13  Observer  
  68  7:18  Probe (Chrono Boost)  
  69  7:23  Probe (Chrono Boost), Carrier  
  69  7:27  Assimilator  
  76  7:31  Assimilator  
  76  7:35  Probe  
  73  7:42  Protoss Air Armor Level 1 (Chrono Boost)  
  71  7:47  Probe  
  71  7:51  Carrier  
  76  7:58  Photon Cannon  
  76  7:59  Probe  
  76  8:02  Photon Cannon  
  76  8:05  Photon Cannon  
  77  8:07  Shield Battery  
  77  8:08  Pylon  
  77  8:10  Pylon  
  77  8:11  Probe  
  77  8:12  Photon Cannon  
  78  8:14  Shield Battery  
  78  8:17  Probe  
  79  8:23  Probe  
  79  8:27  Observer, Carrier  
  81  8:29  Probe  
  88  8:35  Probe  
  89  8:41  Probe  
  89  8:42  Assimilator  
  89  8:46  Assimilator  
  89  8:48  Probe  
  91  8:53  Probe  
  91  8:54  Photon Cannon  
  91  8:55  Carrier  
  98  9:00  Probe  
  99  9:06  Probe (Chrono Boost)  
  100  9:12  Mothership (Chrono Boost)  
  100  9:16  Probe (Chrono Boost)  
  109  9:23  Probe (Chrono Boost)  
  111  9:27  Probe (Chrono Boost)  
  111  9:28  Stargate  
  111  9:29  Probe, Pylon  
  112  9:32  Carrier (Chrono Boost)  
  112  9:33  Observer  
  112  9:36  Probe  
  120  9:42  Probe  
  121  9:46  Protoss Air Weapons Level 2  
  121  9:48  Probe  
  122  9:54  Probe  
  122  9:56  Carrier (Chrono Boost)  
  129  10:00  Probe  
  129  10:06  Probe  
  131  10:12  Probe, Carrier (Chrono Boost)  
  124  10:18  Probe  
  131  10:24  Probe  
  132  10:30  Probe  
  132  10:32  Carrier (Chrono Boost)  
  139  10:42  Probe  
  140  10:47  Observer  
  140  10:54  Probe, Carrier  
  147  11:06  Probe, Pylon  
  148  11:12  Pylon  
  148  11:21  Pylon  
  148  11:24  Probe, Observer, Carrier, Pylon  
  156  11:30  Tempest  
  156  11:31  Pylon  
  161  11:41  Pylon  
  161  11:58  Carrier  
  167  12:13  Carrier  
  167  12:15  Probe  
  174  12:27  Probe  
  175  12:31  Anion Pulse-Crystals  
  175  12:36  Nexus  
  175  12:38  Photon Cannon, Protoss Air Armor Level 2 (Chrono Boost)  
  175  12:39  Probe  
  175  12:41  Photon Cannon  
  176  12:45  Pylon  
  176  12:46  Tempest  
  176  12:48  Pylon  
  181  12:51  Probe  
  181  12:55  Twilight Council  
  181  12:56  Pylon  
  181  12:57  Protoss Ground Weapons Level 1  
  182  13:01  Protoss Ground Armor Level 1  
  182  13:02  Carrier (Chrono Boost)  
  182  13:03  Probe  
  193  13:05  Immortal  
  193  13:17  Tempest  
  198  13:25  Photon Cannon  
  198  13:29  Photon Cannon  
  198  13:32  Shield Battery  
  198  13:35  Photon Cannon  
  198  13:37  Shield Battery  
  198  13:39  Photon Cannon  
  197  13:45  Observer  
  175  13:56  Tempest (Chrono Boost)  
  179  14:03  Tempest (Chrono Boost)  
  179  14:07  Tempest (Chrono Boost)  
  184  14:11  Stargate x2  
  180  14:26  Void Ray  
  184  14:39  Tempest  
  184  14:40  Charge  
  184  14:42  Tempest  
  184  14:43  Zealot  
  196  14:54  Protoss Air Weapons Level 3  
  196  15:10  Zealot  
  196  15:12  Observer  
  195  15:33  Observer  
  196  15:37  Zealot  
  196  15:42  Photon Cannon  
  198  15:46  Photon Cannon  
  198  15:48  Photon Cannon  
  198  15:52  Pylon  
  198  15:55  Photon Cannon, Pylon  
  198  15:57  Shield Battery  
  198  15:58  Photon Cannon  
  198  16:04  Zealot  
  200  16:29  Stargate  
  200  16:36  Stargate  
  200  16:39  Photon Cannon  
  200  16:40  Assimilator  
  200  16:42  Photon Cannon  
  200  16:44  Assimilator  
  200  16:45  Photon Cannon  
  200  16:48  Photon Cannon  
  200  16:50  Pylon  
  200  16:52  Pylon  
  200  17:03  Pylon  
  200  17:05  Pylon  
  196  17:19  Tempest x2  
Tags
 
Add a new tag
Caveats
  • Supply blocks, unpowered buildings, or Contaminate may cause inaccurate times.
  • Supply counts are checked every 10 seconds.